 Dungeon Crawl Stone Soup version 0.17-a0-1510-gb3fb22e (webtiles) character file.

1298 Chiseanne the Magician (level 8, -14/52 HPs)
             Began as a Demonspawn Wizard on July 11, 2015.
             Was a Follower of Vehumet.
             Demolished by an orc warrior
             ... wielding a +0 flail
              (16 damage)
             ... on level 6 of the Dungeon.
             The game lasted 00:22:56 (7944 turns).

Chiseanne the Magician (Demonspawn Wizard)          Turns: 7944, Time: 00:22:56

Health: -14/52     AC: 19    Str: 11    XL:     8   Next: 31%
Magic:  0/17       EV: 12    Int: 22    God:    Vehumet [*.....]
Gold:   97         SH:  4    Dex:  9    Spells: 6 memorised, 6 levels left

rFire  + . .     SeeInvis .     a - +3 trident (venom)
rCold  . . .     Clarity  .     y - +1 robe {rF+}
rNeg   . . .     SustAt   .     g - +0 buckler
rPois  .         Gourm    .     o - +0 helmet
rElec  .         Spirit   .     A - +1 cloak
rCorr  .         Warding  .     D - +0 pair of gloves {Str+3}
rMut   .         Stasis   .     (no boots)
MR     .....                    (no amulet)
Stlth  ++........               q - +3 ring of protection
                                k - +2 ring of protection

@: not resistant to hostile enchantments, unstealthy
A: rough black scales 2
a: Renounce Religion


You were on level 6 of the Dungeon.
You worshipped Vehumet.
Vehumet was aware of your devotion.
You were not hungry.

You visited 2 branches of the dungeon, and saw 7 of its levels.

You collected 236 gold pieces.
You spent 139 gold pieces at shops.

Inventory:

Hand weapons
 a - a +3 trident of venom (weapon)
 w - a +0 blowgun
Missiles
 e - 10 poisoned needles
 p - 15 bolts
 t - 17 arrows
 v - 4 tomahawks of returning
 x - 3 tomahawks (quivered)
 I - 16 sling bullets
Armour
 g - a +0 buckler (worn)
 n - a +2 shield
 o - a +0 helmet (worn)
 y - a +1 robe of fire resistance (worn)
 A - a +1 cloak (worn)
 D - a +0 pair of gloves of strength (worn)
Jewellery
 k - a +2 ring of protection (left hand)
 q - a +3 ring of protection (right hand)
 u - an uncursed ring of flight
 C - the ring "Jeebav" {rF+ Stlth-}
   (You found it on level 4 of the Dungeon)

   [ring of loudness]

   It protects you from fire.
   It makes you less stealthy.
Scrolls
 j - 4 scrolls of remove curse
 G - a scroll of magic mapping
 J - a scroll of recharging
Potions
 b - 2 potions of ambrosia {unknown}
 i - 2 potions of brilliance {unknown}
 l - a potion of might
 r - 2 potions of curing {unknown}
 s - a potion of agility {unknown}
 z - a potion of degeneration {unknown}
 B - a potion of flight {unknown}
 F - a potion of haste
 H - a potion of cancellation {unknown}
Books
 c - a book of Minor Magic

   Spells                             Type                      Level
   a - Magic Dart                     Conjuration                  1
   b - Blink                          Translocation                2
   c - Call Imp                       Summoning                    2
   d - Repel Missiles                 Charms/Air                   2
   e - Slow                           Hexes                        2
   f - Conjure Flame                  Conjuration/Fire             3
   g - Mephitic Cloud                 Conjuration/Poison/Air       3
Comestibles
 d - 5 bread rations
 f - a beef jerky
 h - 3 meat rations
 E - 2 chunks of flesh


   Skills:
 - Level 1.7 Dodging
 - Level 1.7 Stealth
 - Level 4.0 Shields
 + Level 6.4 Spellcasting
 + Level 6.4 Conjurations
 - Level 1.0 Summonings
 - Level 0.8 Translocations


You had 6 spell levels left.
You knew the following spells:

 Your Spells              Type           Power        Failure   Level  Hunger
a - Magic Dart            Conj           ####         1%          1    None
b - Blink                 Tloc           N/A          12%         2    None
c - Call Imp              Summ           ##......     10%         2    None
d - Repel Missiles        Chrm/Air       #.....       14%         2    None
e - Conjure Flame         Conj/Fire      ###.....     10%         3    #......
f - Mephitic Cloud        Conj/Pois/Air  ###.....     12%         3    #......


Dungeon Overview and Level Annotations

Branches:
Dungeon (6/15)             Temple (1/1) D:4

Altars:
Ashenzari
Dithmenos
Elyvilon
Fedhas
Gozag
Kikubaaqudgha
Makhleb
Okawaru
Qazlal
Ru
Trog
Vehumet
Yredelemnul
The Shining One

Shops:
D:4 [

Annotations:
D:6 Edmund


Innate Abilities, Weirdness & Mutations

You are mostly covered in rough black scales (AC +7, Dex -2).


Message History

The orc warrior misses you.
You see here an orc corpse.
Read which item? (? for menu, Esc to quit)
Okay, then.
Drink which item? (? for menu, Esc to quit)
Okay, then.
Evoke which item? (* to show all) (? for menu, Esc to quit)
Okay, then.
Read which item? (? for menu, Esc to quit)
Okay, then.
Casting: Conjure Flame
Confirm with . or Enter, or press ? or * to list all spells.
Aiming: Mephitic Cloud
Press: ? - help, Shift-Dir - straight line, f - Edmund, p - orc warrior
Aim: Edmund, wielding a dire flail of venom and wearing a glowing leather armour (severely wounded)
The ball explodes into a vile cloud!
The stinking cloud engulfs Edmund.
Edmund is severely wounded.
The rat closely misses you.
Edmund is engulfed in noxious fumes.
Edmund appears confused.
The orc warrior hits you with a flail!
You die...

#..........
#..<.....##
#.o......#.
#.....).... ###
####.........# #..
#....o...#####
##.#####@######..####
##..o...§§#######.#...
#.).r@..........#.....
###o###########.......
#.# ####.... o.ooo§..#
##... ######### ####


You could see Edmund (confused), 2 orc warriors and a rat.

Vanquished Creatures
  Grinder (D:4)
  2 sky beasts
  A phantom (D:4)
  An ogre (D:5)
  A centaur (D:5)
  A giant frog (D:6)
  A scorpion (D:5)
  A wyvern skeleton (D:6)
  2 giant frog zombies (D:5)
  An orc priest (D:4)
  A centaur skeleton (D:5)
  4 orc wizards
  An iguana (D:4)
  2 worker ants
  9 adders
  An ooze (D:1)
  An adder zombie (D:5)
  4 worms
  4 giant geckos
  17 orcs
  A bat skeleton (D:4)
  A bat zombie (D:5)
  4 giant cockroaches
  8 hobgoblins
  2 jackals
  2 quokkas
  8 ball pythons
  11 bats
  7 giant newts
  9 goblins
  12 kobolds
  A quokka skeleton (D:5)
  9 rats
131 creatures vanquished.

Vanquished Creatures (collateral kills)
  A worm (D:2)
1 creature vanquished.

Grand Total: 132 creatures vanquished

Notes
Turn   | Place    | Note
--------------------------------------------------------------
     0 | D:1      | Chiseanne the Demonspawn Wizard began the quest for the Orb.
     0 | D:1      | Reached XP level 1. HP: 13/13 MP: 4/4
   508 | D:1      | Gained mutation: You are partially covered in rough black scales (AC +4, Dex -1). [demonic ancestry]
   508 | D:1      | Reached XP level 2. HP: 19/19 MP: 4/6
   512 | D:1      | Learned a level 2 spell: Blink
   515 | D:1      | Learned a level 2 spell: Call Imp
   518 | D:1      | Learned a level 2 spell: Repel Missiles
   939 | D:1      | Reached skill level 1 in Shields
  1588 | D:2      | Gained mutation: You are mostly covered in rough black scales (AC +7, Dex -2). [demonic ancestry]
  1588 | D:2      | Reached XP level 3. HP: 24/24 MP: 1/7
  2974 | D:3      | Reached XP level 4. HP: 30/30 MP: 1/9
  4540 | D:3      | Reached XP level 5. HP: 28/35 MP: 0/10
  4653 | D:3      | Reached skill level 4 in Spellcasting
  4850 | D:4      | Found a stormy altar of Qazlal.
  4880 | D:4      | Found Suhurch's Antique Armour Shop.
  4969 | D:4      | Learned a level 3 spell: Conjure Flame
  4979 | D:4      | Bought a runed robe for 18 gold pieces
  5446 | D:4      | Found a staircase to the Ecumenical Temple.
  5460 | Temple   | Entered the Ecumenical Temple
  5512 | Temple   | Became a worshipper of Vehumet
  5535 | D:4      | Noticed a sky beast
  5577 | D:4      | Killed a sky beast
  5577 | D:4      | Reached XP level 6. HP: 14/41 MP: 5/12
  5905 | D:4      | Noticed Grinder
  6003 | D:4      | Got a crude brass ring
  6005 | D:4      | Identified the ring "Jeebav" {rF+ Stlth-} (You found it on level 4 of the Dungeon)
  6975 | D:4      | Paralysed by Grinder for 5 turns
  6987 | D:4      | Killed Grinder
  6987 | D:4      | Reached skill level 5 in Spellcasting
  6987 | D:4      | Reached XP level 7. HP: 34/46 MP: 12/14
  7190 | D:4      | Bought a pair of embroidered gloves for 121 gold pieces
  7265 | D:5      | Entered Level 5 of the Dungeon
  7321 | D:5      | Reached skill level 5 in Conjurations
  7354 | D:5      | Acquired Vehumet's first power
  7354 | D:5      | Offered knowledge of Shock by Vehumet.
  7365 | D:5      | Learned a level 3 spell: Mephitic Cloud
  7632 | D:5      | Reached XP level 8. HP: 52/52 MP: 9/16
  7703 | D:5      | Reached skill level 6 in Spellcasting
  7891 | D:6      | Noticed Edmund
  7926 | D:6      | HP: 1/52 [something (6)]
  7941 | D:6      | HP: 1/52 [orc warrior/flail (15)]
  7944 | D:6      | Demolished by an orc warrior

Vault maps used:
D:1:      lightli_arrival_farm
D:2:      first_bread, grunt_decor_mini_mirrors
D:3:      minmay_shallow_snake_nest
D:4:      kennysheep_little_box, minmay_temple_entry_statues_fountains,
          serial_shops, shop, minivault_27, uniq_grinder
D:6:      nemelex_xobeh_ov_fountains_minmay, uniq_menkaure, uniq_edmund
Temple:   water_room_temple_a_12

Action                   |  1- 3 |  4- 6 |  7- 9 || total
-------------------------+-------+-------+-------++-------
Melee: Short sword       |    63 |    57 |       ||   120
       Blowgun           |       |     1 |       ||     1
       Trident           |       |    15 |    80 ||    95
 Fire: Blowgun           |       |    42 |       ||    42
Throw: Tomahawk          |       |     3 |       ||     3
 Cast: Magic Dart        |    83 |   155 |    40 ||   278
       Call Imp          |     8 |     3 |       ||    11
       Blink             |       |     1 |     2 ||     3
       Conjure Flame     |       |     3 |     7 ||    10
       Mephitic Cloud    |       |       |     2 ||     2
  Use: Scroll            |     4 |     1 |     2 ||     7
       Potion            |       |     3 |     1 ||     4
 Stab: Sleeping          |     2 |       |       ||     2
       Confused          |       |       |     1 ||     1
  Eat: Chunk             |     7 |    12 |     4 ||    23
